 Dungeon Crawl Stone Soup version 0.24.0-2-g5b39cebb1c (webtiles) character file.

Game seed: 13459030127610816463, levelgen mode: deterministic

62 mortelune the Skirmisher (level 3, -2/29 HPs)
             Began as a Demonspawn Berserker on Oct 30, 2019.
             Was a Believer of Trog.
             Slain by a worm (11 damage)
             ... on level 2 of the Dungeon.
             The game lasted 00:03:37 (2407 turns).

mortelune the Skirmisher (Demonspawn Berserker)     Turns: 2407, Time: 00:03:38

Health: -2/29      AC:  1    Str: 17    XL:     3   Next: 85%
Magic:  3/3        EV: 12    Int:  9    God:    Trog [**....]
Gold:   86         SH:  0    Dex: 12    Spells: 2/2 levels left

rFire    . . .     SeeInvis .   a - +0 falchion
rCold    . . .     Gourm    .   (no shield)
rNeg     . . .     Faith    .   b - +0 animal skin
rPois    .         Spirit   .   (helmet restricted)
rElec    .         Reflect  .   (no cloak)
rCorr    .         Harm     .   e - +0 pair of gloves
MR       .....                  (no boots)
Stlth    +.........             (no amulet)
HPRegen  0.09/turn              r - -2 ring of protection (curse)
MPRegen  0.08/turn              (no ring)

@: no status effects
A: antennae 1, demonic guardian 1
a: Berserk, Trog's Hand, Renounce Religion


You were on level 2 of the Dungeon.
You worshipped Trog.
Trog was pleased with you.
You were not hungry.

You visited 1 branch of the dungeon, and saw 2 of its levels.

You collected 86 gold pieces.

Inventory:

Hand Weapons
 a - a +0 falchion (weapon)
Missiles
 u - 5 atropa-tipped darts (quivered)
Armour
 b - a +0 animal skin (worn)
 e - a +0 pair of gloves (worn)
Jewellery
 r - a cursed -2 ring of protection (left hand)
Scrolls
 d - a scroll of random uselessness {unknown}
 f - a scroll of immolation {unknown}
 g - 6 scrolls of identify {unknown}
 i - a scroll of teleportation {unknown}
 j - 2 scrolls of remove curse {unknown}
 l - 2 scrolls of enchant weapon {unknown}
 n - a scroll of noise {unknown}
 q - a scroll of magic mapping {unknown}
 t - a scroll of enchant armour {unknown}
 v - a scroll of fear {unknown}
Potions
 h - 2 potions of might {unknown}
 k - a potion of flight {unknown}
 m - a potion of heal wounds {unknown}
 o - a potion of brilliance {unknown}
 p - 2 potions of curing {unknown}
Comestibles
 c - 7 rations
 s - 2 chunks of flesh


   Skills:
 + Level 3.6 Fighting
 + Level 3.2 Long Blades
 + Level 2.5 Armour
 - Level 2.1 Dodging


You had 2 spell levels left.
You didn't know any spells.
Your spell library was empty.

Dungeon Overview and Level Annotations

Branches:
Dungeon (2/15)

Altars:


Innate Abilities, Weirdness & Mutations

You have a pair of small antennae on your head.
A weak demonic guardian rushes to your aid.


Message History

The worm bites you.
You hit the worm.
The worm is moderately wounded.
The worm barely misses you.
You hit the worm.
The worm is moderately wounded.
You hit the worm.
The worm is heavily wounded.
The worm bites you!
* * * LOW HITPOINT WARNING * * *
You hit the worm.
The worm is severely wounded.
The worm barely misses you.
You start resting.
Eating one of 3 chunks of flesh.
You eat one of the 3 chunks of flesh.
This raw flesh tastes terrible.
The worm is too close now for your liking.
A worm is nearby!
A worm is nearby!
The worm bites you!
You die...

#.# #...............#.#
#.# #.####.##########.#
###.# #.# #.# #.# ##.#.#
#.####.# #.#
.....###.#....# #.#
.#.........##.# #.#
#.#..##...###.# #.#
##.#..........##########.#
####.......#..w@........#
#####.......############.#
............# #.########
#####.......# #.........
#.......# #.########
#.......# #.# ####.##.##
#.# #.....# #####.########
####..# #.............


You could see a worm.

Vanquished Creatures
  A gnoll (D:1)
  3 worms (D:2)
  A dart slug (D:2)
  A leopard gecko (D:1)
  5 bats
  3 giant cockroaches (D:2)
  10 goblins
  2 hobgoblins (D:1)
  A quokka (D:2)
  5 frilled lizards
  3 kobolds (D:1)
  3 rats (D:1)
38 creatures vanquished.

Notes
Turn   | Place    | Note
-------+----------+-------------------------------------------
     0 | D:1      | mortelune the Demonspawn Berserker began the quest for the
                  | Orb.
     0 | D:1      | Reached XP level 1. HP: 18/18 MP: 1/1
   374 | D:1      | Gained mutation: You have a pair of small antennae on your
                  | head. [demonic ancestry]
   374 | D:1      | Reached XP level 2. HP: 20/24 MP: 2/2
   944 | D:1      | Gained mutation: A weak demonic guardian rushes to your
                  | aid. [demonic ancestry]
   944 | D:1      | Reached XP level 3. HP: 29/29 MP: 3/3
  1407 | D:2      | Reached ** piety under Trog
  2407 | D:2      | Slain by a worm

Levels and vault maps discovered:
D:1:      evilmike_arrival_hilbert_curve, layout_loops_ring,
          minmay_misc_feat_iff, minmay_stone_trees_medium
D:2:      layout_loops_ring, first_ration, grunt_decor_fettered

Skill      XL: |  1  2 |
---------------+-------+-----
Armour         | 2 |  2.5
Dodging        | 2 |  2.1
Long Blades    | 3 |  3.2
Fighting       | |  3.6

Action                   || total
-------------------------++-------
Melee: Falchion          ||   119
Invok: Berserk           ||     4
 Stab: Sleeping          ||     1
  Eat: Chunk             ||     9
Armor: Animal skin       ||    20
Dodge: Dodged            ||    79
       Rpst.: Falchion   ||    23
